 Dungeon Crawl Stone Soup version bcrawl-1.12-11-gb93c957c58 (webtiles) character file.

Game seed: 1862443989662542924

0 MisterOstroum the Sneak (level 1, -3/15 HPs)
             Began as a Demonspawn Archaeologist on June 30, 2019.
             Slain by a hobgoblin
             ... wielding a +0 club
              (4 damage)
             ... on level 1 of the Dungeon.
             The game lasted 00:00:35 (81 turns).

MisterOstroum the Sneak (Demonspawn Archaeologist)    Turns: 81, Time: 00:00:35

Health: -3/15      AC:  8    Str: 11    XL:     1   Next: 8%
Magic:  1/1        EV: 12    Int: 15    God:
Gold:   14         SH:  0    Dex: 11    Spells: 0/0 levels left

rFire    . . .     SeeInvis .   (no weapon)
rCold    . . .     Gourm    .   (no shield)
rNeg     . . .     Faith    .   a - +1 robe
rPois    .         Spirit   .   b - +1 hat
rElec    .         Reflect  .   (no cloak)
rCorr    .         Harm     .   d - +1 pair of gloves
MR       .....                  c - +1 pair of boots
Stlth    ++........             (no amulet)
HPRegen  0.05/turn              (no ring)
MPRegen  0.07/turn              (no ring)

@: no status effects
A: no striking features
a: no special abilities


You were on level 1 of the Dungeon.
You were not hungry.

You visited 1 branch of the dungeon, and saw 1 of its levels.

You collected 14 gold pieces.

Inventory:

Armour
 a - a +1 robe (worn)
 b - a +1 hat (worn)
 c - a +1 pair of boots (worn)
 d - a +1 pair of gloves (worn)
Scrolls
 h - a scroll of fear {unknown}
Miscellaneous
 f - an ancient crate
 g - a dusty tome
Comestibles
 e - 2 rations {!d}


   Skills:
 + Level 1.1 Fighting
 - Level 2.6 Dodging
 - Level 3.0 Stealth


You couldn't memorise any spells.
You didn't know any spells.
Your spell library was empty.

Dungeon Overview and Level Annotations

Branches:
Dungeon (1/12)

Altars:


Message History

e - a ration;
g - a dusty tome Welcome, MisterOstroum the Demonspawn Archaeologist.
The bosom of this dungeon contains the fabled artefact, the Orb of Zot.
Press ? for a list of commands and other information.
Found 14 gold pieces and 2 rations.
Found a staircase leading out of the dungeon.
You now have 14 gold pieces.
e - 2 rations {!d} (gained 1)
You open the door.
A bat comes into view.
The bat hits you but does no damage.
A bat is nearby!
You hit the bat.
You kill the bat!
No target in view!
No target in view!
There is an open door, spattered with blood here.
h - a scroll labeled DYAPRA REWN A hobgoblin comes into view.
It is wielding a +0 club.
Unknown command.
Unknown command.
The helpless hobgoblin fails to defend itself.
You hit the hobgoblin.
The hobgoblin is moderately wounded.
The hobgoblin barely misses you.
You closely miss the hobgoblin.
The hobgoblin is moderately wounded.
You barely miss the hobgoblin.
The hobgoblin is moderately wounded.
The hobgoblin barely misses you.
You closely miss the hobgoblin.
The hobgoblin is moderately wounded.
The hobgoblin hits you with a +0 club!
You closely miss the hobgoblin.
The hobgoblin is moderately wounded.
The hobgoblin hits you with a +0 club.
You barely miss the hobgoblin.
The hobgoblin is moderately wounded.
The hobgoblin closely misses you.
You hit the hobgoblin but do no damage.
The hobgoblin is moderately wounded.
The hobgoblin barely misses you.
You hit the hobgoblin but do no damage.
The hobgoblin is moderately wounded.
The hobgoblin hits you with a +0 club.
* * * LOW HITPOINT WARNING * * *
There is an open door, spattered with blood here.
Why would you want to do that? Why would you want to do that?
You open the door.
The hobgoblin hits you but does no damage.
Found a scroll labeled GOATSUFYGA.
There is an open door here.
The hobgoblin hits you with a +0 club.
* * * LOW HITPOINT WARNING * * *
The hobgoblin hits you but does no damage.
You see here a ration {!d}.
Found 153 poisoned needles.
A giant cockroach comes into view.
You hit the giant cockroach but do no damage.
The giant cockroach closely misses you.
You hit the giant cockroach.
The giant cockroach is moderately wounded.
The hobgoblin hits you but does no damage.
The giant cockroach barely misses you.
You closely miss the giant cockroach.
The giant cockroach is moderately wounded.
The giant cockroach barely misses you. The hobgoblin closely misses you.
You closely miss the giant cockroach.
The giant cockroach is moderately wounded.
The giant cockroach bites you but does no damage.
The hobgoblin hits you with a +0 club.
* * * LOW HITPOINT WARNING * * *
The giant cockroach bites you but does no damage.
You closely miss the giant cockroach. The hobgoblin misses you.
The giant cockroach bites you but does no damage.
You hit the giant cockroach.
The giant cockroach is moderately wounded.
The giant cockroach closely misses you. The hobgoblin hits you with a +0 club.
You die...

+......§§§.<.§...###.#
.#.###..#≈§...≈§#.....#
........#§§.≈.≈§#####.##
###.(....#§.§≈≈.≈# #...
........##+###'########.
#######.#...............
#.#.############## #g#
#@# #s# #.# #.# #.# #.#
..# ###


You could see a giant cockroach and a hobgoblin.

Vanquished Creatures
  A bat (D:1)
1 creature vanquished.

Notes
Turn   | Place    | Note
-------+----------+-------------------------------------------
     0 | D:1      | MisterOstroum the Demonspawn Archaeologist began the quest
                  | for the Orb.
     0 | D:1      | Reached XP level 1. HP: 15/15 MP: 1/1
    81 | D:1      | Slain by a hobgoblin

Action                   || total
-------------------------++-------
Melee: Unarmed           ||    15
 Stab: Sleeping          ||     1
Armor: Robe              ||     7
Dodge: Dodged            ||    10
